General information
- name: BNet
- type: Ladder team game (AT/RT)
- host: Battle.net
- saver: HighlightVideos
map: DragonFalls
- players: 8
- length: 57:01
- speed: Fast
- version: 1.26 W3XP
- replay type: Public
» download(292 KB)
Players
team 1 (loser)

»
OffSprlNg (
pink | 37 APM | 2123 actions | 56:57)
8 Archmage
3 Summon Water Elemental
3 Brilliance Aura
1 Mass Teleport
1 Blizzard
9 Mountain King
3 Storm Bolt
3 Bash
1 Avatar
2 Thunder Clap
1 Blademaster
1 Wind Walk
» actions
| Assign group hotkey | 51 | |
| Basic commands | 127 | |
| Build / train | 112 | |
| ESC pressed | 4 | |
| Enter build submenu | 30 | |
| Enter hero's abilities submenu | 19 | |
| Give item / drop item | 8 | |
| Right click | 453 | |
| Select / deselect | 593 | |
| Select group hotkey | 564 | |
| Use ability | 161 | |
2123 total
» units
| Peasant | 28 | |
| Footman | 12 | |
| Rifleman | 2 | |
| Dragonhawk Rider | 7 | |
| Gryphon Rider | 8 | |
57 total
» upgrades
| Masonry | 1 | |
| Swords | 3 | |
| Armor | 3 | |
| Storm Hammers | 1 | |
| Cloud | 1 | |
| Animal War Training | 1 | |
10 total
» buildings
| Lumber Mill | 1 | |
| Altar of Kings | 1 | |
| Farm | 17 | |
| Barracks | 1 | |
| Scout Tower | 6 | |
| Arcane Vault | 1 | |
| Arcane Tower | 2 | |
| Keep | 1 | |
| Town Hall | 1 | |
| Blacksmith | 1 | |
| Gryphon Aviary | 3 | |
| Castle | 1 | |
| Guard Tower | 3 | |
39 total
» build order
00:37 Lumber Mill
00:42 Altar of Kings
00:54 Farm
01:01 Barracks
01:27 Farm
01:52 Farm
01:56 Farm
02:32 Farm
03:19 Scout Tower
03:46 Arcane Vault
04:26 Arcane Tower
05:27 Keep
05:39 Town Hall
06:02 Farm
07:38 Blacksmith
07:47 Scout Tower
07:48 Scout Tower
07:51 Scout Tower
07:52 Scout Tower
07:54 Scout Tower
08:27 Gryphon Aviary
08:28 Gryphon Aviary
08:34 Gryphon Aviary
09:03 Castle
09:07 Arcane Tower
09:09 Guard Tower
09:11 Guard Tower
09:54 Guard Tower
11:12 Farm
11:13 Farm
11:17 Farm
11:17 Farm
13:48 Farm
16:58 Farm
26:53 Farm
26:53 Farm
26:54 Farm
26:55 Farm
26:55 Farm
» items
| Scroll of Regeneration | 9 | |
| Scroll of Town Portal | 6 | |
| Potion of Healing | 2 | |
17 total

»
MauRon_2 (
purple | 20 APM | 1167 actions | 57:01)
4 Mountain King
2 Thunder Clap
2 Storm Bolt
» actions
| Assign group hotkey | 29 | |
| Basic commands | 8 | |
| Build / train | 53 | |
| Enter build submenu | 33 | |
| Enter hero's abilities submenu | 4 | |
| Right click | 534 | |
| Select / deselect | 353 | |
| Select group hotkey | 107 | |
| Use ability | 46 | |
1167 total
» units
| Peasant | 16 | |
| Footman | 6 | |
| Knight | 10 | |
32 total
» upgrades
| Masonry | 2 | |
| Gunpowder | 1 | |
| Plating | 1 | |
| Lumber Harvesting | 1 | |
| Animal War Training | 1 | |
| Swords | 2 | |
8 total
» buildings
| Farm | 13 | |
| Altar of Kings | 1 | |
| Barracks | 2 | |
| Lumber Mill | 1 | |
| Arcane Vault | 1 | |
| Scout Tower | 3 | |
| Guard Tower | 2 | |
| Blacksmith | 1 | |
| Keep | 1 | |
| Castle | 1 | |
| Workshop | 1 | |
| Great Hall | 1 | |
28 total
» build order
00:14 Farm
00:18 Altar of Kings
00:24 Barracks
00:55 Farm
01:45 Lumber Mill
01:59 Arcane Vault
02:12 Scout Tower
03:06 Guard Tower
03:38 Blacksmith
03:49 Farm
04:42 Farm
04:50 Keep
06:14 Scout Tower
06:48 Guard Tower
07:14 Castle
07:28 Workshop
08:54 Barracks
10:03 Farm
10:49 Farm
10:57 Farm
11:22 Farm
11:43 Farm
11:52 Farm
12:03 Farm
12:47 Farm
12:52 Farm
14:02 Scout Tower
29:43 Great Hall
» items
| Lesser Clarity Potion | 2 | |
| Scroll of Regeneration | 2 | |
4 total
HighlightVideos (
teal | 67 APM | 3827 actions | 57:01)
9 Blood Mage
3 Flame Strike
3 Siphon Mana
1 Summon Phoenix
2 Banish
» actions
| Assign group hotkey | 47 | |
| Basic commands | 315 | |
| Build / train | 187 | |
| ESC pressed | 3 | |
| Enter build submenu | 49 | |
| Enter hero's abilities submenu | 9 | |
| Give item / drop item | 12 | |
| Right click | 1431 | |
| Select / deselect | 547 | |
| Select group hotkey | 964 | |
| Use ability | 263 | |
3827 total
» units
| Peasant | 30 | |
| Footman | 15 | |
| Satyr Shadowdancer | 1 | |
| Thunder Lizard | 1 | |
| Furbolg Shaman | 2 | |
| Sorceress | 1 | |
| Gryphon Rider | 6 | |
| Dragonhawk Rider | 7 | |
63 total
» upgrades
| Masonry | 3 | |
| Lumber Harvesting | 2 | |
| Sorceress Training | 2 | |
| Magic Sentry | 1 | |
| Swords | 3 | |
| Armor | 3 | |
| Animal War Training | 1 | |
| Storm Hammers | 1 | |
| Cloud | 1 | |
| Priest Training | 1 | |
| Defend | 1 | |
| Plating | 1 | |
| Gunpowder | 1 | |
21 total
» buildings
| Altar of Kings | 1 | |
| Barracks | 1 | |
| Farm | 9 | |
| Arcane Vault | 1 | |
| Town Hall | 3 | |
| Scout Tower | 20 | |
| Lumber Mill | 2 | |
| Arcane Tower | 2 | |
| Guard Tower | 42 | |
| Keep | 1 | |
| Blacksmith | 1 | |
| Castle | 1 | |
| Arcane Sanctum | 1 | |
| Gryphon Aviary | 4 | |
89 total
» build order
00:06 Altar of Kings
00:11 Barracks
00:14 Farm
01:07 Farm
01:38 Farm
02:44 Arcane Vault
03:34 Town Hall
04:51 Scout Tower
04:54 Scout Tower
05:00 Lumber Mill
05:39 Scout Tower
05:41 Arcane Tower
05:41 Arcane Tower
05:57 Scout Tower
06:03 Scout Tower
06:06 Guard Tower
06:06 Guard Tower
06:08 Scout Tower
06:12 Scout Tower
06:14 Guard Tower
06:15 Guard Tower
06:38 Guard Tower
06:38 Guard Tower
06:49 Keep
07:27 Guard Tower
07:27 Guard Tower
08:47 Blacksmith
09:44 Castle
09:48 Arcane Sanctum
10:05 Farm
10:09 Farm
10:29 Guard Tower
10:30 Guard Tower
11:03 Guard Tower
11:40 Farm
11:44 Gryphon Aviary
11:49 Scout Tower
11:50 Scout Tower
11:54 Gryphon Aviary
12:22 Guard Tower
12:22 Guard Tower
18:34 Farm
18:34 Farm
20:17 Farm
21:42 Gryphon Aviary
21:48 Gryphon Aviary
22:36 Scout Tower
22:37 Scout Tower
22:38 Scout Tower
22:45 Scout Tower
22:46 Scout Tower
23:19 Town Hall
23:24 Guard Tower
23:24 Guard Tower
23:25 Guard Tower
23:25 Guard Tower
23:26 Guard Tower
23:28 Guard Tower
23:28 Guard Tower
23:30 Guard Tower
23:30 Guard Tower
35:48 Scout Tower
35:50 Scout Tower
35:51 Scout Tower
36:26 Guard Tower
36:26 Guard Tower
36:55 Guard Tower
36:55 Guard Tower
37:06 Town Hall
37:09 Scout Tower
37:37 Guard Tower
37:37 Guard Tower
42:07 Scout Tower
42:09 Scout Tower
42:52 Guard Tower
42:53 Guard Tower
43:02 Lumber Mill
» items
| Scroll of Regeneration | 15 | |
| Scroll of Town Portal | 8 | |
| Ivory Tower | 2 | |
| Lesser Clarity Potion | 5 | |
| Potion of Mana | 3 | |
| Staff of Teleportation | 1 | |
| Potion of Invisibility | 1 | |
| Boots of Speed | 1 | |
| Potion of Healing | 1 | |
| Mechanical Critter | 3 | |
40 total
NINTENDO-FANBOY (
orange | 60 APM | 779 actions | 13:02)
2 Blademaster
1 Wind Walk
1 Critical Strike
» actions
| Assign group hotkey | 15 | |
| Build / train | 49 | |
| Enter build submenu | 13 | |
| Enter hero's abilities submenu | 2 | |
| Give item / drop item | 1 | |
| Right click | 289 | |
| Select / deselect | 135 | |
| Select group hotkey | 225 | |
| Use ability | 49 | |
779 total
» units
| Peon | 27 | |
| Grunt | 3 | |
| Goblin Shredder | 1 | |
| Goblin Zeppelin | 3 | |
34 total
» upgrades
» buildings
| Altar of Storms | 1 | |
| Orc Burrow | 4 | |
| Barracks | 1 | |
| Voodoo Lounge | 1 | |
| Stronghold | 1 | |
| Great Hall | 1 | |
| War Mill | 1 | |
| Fortress | 3 | |
| Watch Tower | 12 | |
25 total
» build order
00:09 Altar of Storms
00:18 Orc Burrow
00:37 Barracks
01:22 Orc Burrow
01:55 Voodoo Lounge
03:48 Stronghold
04:33 Great Hall
05:56 War Mill
06:54 Orc Burrow
07:59 Fortress
07:59 Fortress
08:00 Fortress
08:17 Watch Tower
08:18 Watch Tower
08:19 Watch Tower
08:21 Watch Tower
10:48 Watch Tower
12:15 Orc Burrow
12:29 Watch Tower
12:30 Watch Tower
12:36 Watch Tower
12:37 Watch Tower
12:37 Watch Tower
12:39 Watch Tower
12:40 Watch Tower
» items
| Healing Salve | 1 | |
| Scroll of Town Portal | 1 | |
| Potion of Healing | 1 | |
| Orb of Lightning | 1 | |
| Potion of Mana | 1 | |
5 total
team 2 (winner)
imatreewaterme (
red | 80 APM | 1586 actions | 19:55)
4 Archmage
2 Summon Water Elemental
2 Brilliance Aura
3 Mountain King
2 Storm Bolt
1 Bash
2 Paladin
1 Holy Light
1 Devotion Aura
» actions
| Assign group hotkey | 21 | |
| Basic commands | 29 | |
| Build / train | 53 | |
| ESC pressed | 4 | |
| Enter build submenu | 23 | |
| Enter hero's abilities submenu | 9 | |
| Right click | 868 | |
| Select / deselect | 200 | |
| Select group hotkey | 328 | |
| Use ability | 51 | |
1586 total
» units
| Peasant | 17 | |
| Rifleman | 7 | |
| Gryphon Rider | 3 | |
| Knight | 1 | |
| Priest | 2 | |
30 total
» upgrades
| Long Rifles | 1 | |
| Swords | 1 | |
| Animal War Training | 1 | |
3 total
» buildings
| Altar of Kings | 1 | |
| Farm | 11 | |
| Barracks | 1 | |
| Blacksmith | 1 | |
| Scout Tower | 2 | |
| Arcane Tower | 1 | |
| Keep | 1 | |
| Arcane Vault | 1 | |
| Castle | 1 | |
| Lumber Mill | 1 | |
| Arcane Sanctum | 1 | |
| Gryphon Aviary | 1 | |
| Town Hall | 3 | |
26 total
» build order
00:07 Altar of Kings
00:10 Farm
00:43 Barracks
00:55 Farm
01:41 Blacksmith
01:56 Scout Tower
02:00 Scout Tower
02:29 Farm
02:31 Arcane Tower
03:10 Farm
04:07 Keep
04:14 Farm
05:52 Arcane Vault
06:28 Farm
06:32 Farm
07:10 Castle
08:16 Lumber Mill
08:19 Farm
08:22 Farm
09:31 Arcane Sanctum
09:34 Gryphon Aviary
10:27 Town Hall
12:12 Farm
12:13 Farm
13:35 Town Hall
16:30 Town Hall
» items
| Scroll of Regeneration | 2 | |
| Orb of Fire | 1 | |
| Staff of Sanctuary | 1 | |
4 total
CRAZYCHAOS6384 (
green | 29 APM | 1663 actions | 57:01)
5 Blademaster
2 Wind Walk
3 Critical Strike
3 Shadow Hunter
2 Hex
1 Healing Wave
» actions
| Build / train | 119 | |
| Enter build submenu | 46 | |
| Enter hero's abilities submenu | 8 | |
| Remove unit from queue | 1 | |
| Right click | 674 | |
| Select / deselect | 669 | |
| Use ability | 144 | |
1663 total
» units
| Peon | 28 | |
| Wind Rider | 16 | |
| Shaman | 5 | |
| Peasant | 6 | |
| Rifleman | 5 | |
| Troll Batrider | 21 | |
81 total
» upgrades
| Ranged Weapons | 3 | |
| Armor | 1 | |
| Envenomed Spears | 1 | |
| Spiked Barricades | 2 | |
| Shaman Training | 2 | |
9 total
» buildings
| Altar of Storms | 3 | |
| Orc Burrow | 16 | |
| Voodoo Lounge | 3 | |
| War Mill | 3 | |
| Stronghold | 4 | |
| Beastiary | 4 | |
| Fortress | 1 | |
| Spirit Lodge | 1 | |
| Great Hall | 4 | |
| Watch Tower | 8 | |
| Town Hall | 1 | |
48 total
» build order
00:07 Altar of Storms
00:10 Orc Burrow
00:34 Voodoo Lounge
01:44 War Mill
02:24 Stronghold
02:38 Orc Burrow
02:50 Orc Burrow
04:03 Orc Burrow
04:55 Beastiary
04:57 Beastiary
08:36 Fortress
10:36 Spirit Lodge
10:46 Orc Burrow
11:30 Orc Burrow
17:26 Great Hall
18:18 Watch Tower
18:20 Watch Tower
18:22 Watch Tower
18:24 Watch Tower
19:31 Watch Tower
20:35 Voodoo Lounge
20:39 Watch Tower
21:45 Altar of Storms
21:47 Orc Burrow
22:46 Stronghold
22:49 Watch Tower
22:53 War Mill
23:43 Stronghold
23:46 Altar of Storms
23:48 Orc Burrow
24:09 Watch Tower
24:49 Town Hall
27:03 Great Hall
27:09 Orc Burrow
27:10 Orc Burrow
27:12 Orc Burrow
27:16 Orc Burrow
28:01 Orc Burrow
30:02 Stronghold
30:45 Orc Burrow
30:46 Orc Burrow
30:51 Orc Burrow
32:33 Beastiary
32:35 Beastiary
32:44 War Mill
35:45 Voodoo Lounge
43:23 Great Hall
45:12 Great Hall
» items
| Healing Salve | 8 | |
| Lesser Clarity Potion | 4 | |
| Orb of Lightning | 1 | |
13 total
danielowns (
blue | 46 APM | 1017 actions | 22:08)
4 Blademaster
2 Wind Walk
2 Critical Strike
3 Tauren Chieftain
2 Endurance Aura
1 War Stomp
» actions
| Assign group hotkey | 23 | |
| Basic commands | 18 | |
| Build / train | 58 | |
| Enter build submenu | 17 | |
| Enter hero's abilities submenu | 7 | |
| Right click | 433 | |
| Select / deselect | 245 | |
| Select group hotkey | 174 | |
| Use ability | 42 | |
1017 total
» units
| Peon | 15 | |
| Grunt | 4 | |
| Tauren | 8 | |
| Shaman | 6 | |
| Raider | 4 | |
37 total
» upgrades
| Shaman Training | 2 | |
| Melee Weapons | 3 | |
| Armor | 2 | |
| Pulverize | 1 | |
8 total
» buildings
| Altar of Storms | 1 | |
| Orc Burrow | 9 | |
| Barracks | 1 | |
| Voodoo Lounge | 1 | |
| Stronghold | 1 | |
| Fortress | 1 | |
| War Mill | 2 | |
| Spirit Lodge | 1 | |
| Great Hall | 1 | |
| Tauren Totem | 2 | |
| Beastiary | 1 | |
21 total
» build order
00:27 Altar of Storms
00:35 Orc Burrow
01:33 Barracks
01:37 Orc Burrow
03:49 Orc Burrow
03:54 Voodoo Lounge
04:19 Stronghold
04:47 Orc Burrow
04:47 Orc Burrow
06:48 Fortress
06:56 War Mill
07:01 Spirit Lodge
08:13 Great Hall
09:11 Tauren Totem
09:17 Tauren Totem
11:47 Orc Burrow
11:49 Orc Burrow
11:51 Orc Burrow
13:51 Orc Burrow
16:45 War Mill
18:39 Beastiary
» items
EXPOTHIEF (
yellow | 84 APM | 4788 actions | 57:01)
9 Blood Mage
3 Flame Strike
2 Siphon Mana
1 Summon Phoenix
3 Banish
» actions
| Assign group hotkey | 270 | |
| Basic commands | 125 | |
| Build / train | 106 | |
| Enter build submenu | 64 | |
| Enter hero's abilities submenu | 9 | |
| Give item / drop item | 10 | |
| Right click | 1673 | |
| Select / deselect | 565 | |
| Select group hotkey | 1659 | |
| Use ability | 307 | |
4788 total
» units
| Peasant | 13 | |
| Footman | 7 | |
| Goblin Shredder | 1 | |
| Goblin Zeppelin | 1 | |
| Sorceress | 2 | |
| Furbolg Shaman | 1 | |
| Green Dragon | 9 | |
| Dragonhawk Rider | 4 | |
38 total
» upgrades
| Lumber Harvesting | 1 | |
| Sorceress Training | 1 | |
| Magic Sentry | 1 | |
| Masonry | 3 | |
| Swords | 3 | |
| Armor | 3 | |
| Cloud | 1 | |
| Animal War Training | 1 | |
14 total
» buildings
| Altar of Kings | 1 | |
| Barracks | 1 | |
| Farm | 11 | |
| Keep | 1 | |
| Arcane Vault | 3 | |
| Town Hall | 6 | |
| Lumber Mill | 3 | |
| Scout Tower | 36 | |
| Arcane Sanctum | 1 | |
| Guard Tower | 10 | |
| Castle | 1 | |
| Arcane Tower | 1 | |
| Gryphon Aviary | 6 | |
| Blacksmith | 2 | |
83 total
» build order
00:40 Altar of Kings
00:52 Barracks
00:57 Farm
01:06 Farm
01:14 Farm
02:29 Farm
03:29 Keep
04:10 Arcane Vault
04:17 Town Hall
04:30 Lumber Mill
05:45 Scout Tower
05:47 Scout Tower
05:48 Scout Tower
06:07 Arcane Sanctum
08:38 Guard Tower
10:33 Castle
13:00 Town Hall
13:54 Scout Tower
13:56 Scout Tower
13:57 Scout Tower
13:58 Scout Tower
14:01 Scout Tower
14:01 Scout Tower
14:02 Scout Tower
14:03 Scout Tower
14:03 Scout Tower
14:04 Scout Tower
14:04 Scout Tower
14:05 Scout Tower
14:06 Scout Tower
14:06 Scout Tower
14:09 Scout Tower
14:25 Farm
14:29 Farm
14:43 Guard Tower
14:52 Guard Tower
14:53 Guard Tower
14:55 Scout Tower
14:55 Scout Tower
14:58 Scout Tower
15:00 Scout Tower
15:31 Guard Tower
15:37 Arcane Tower
15:41 Scout Tower
15:42 Scout Tower
15:42 Scout Tower
15:44 Scout Tower
15:44 Scout Tower
15:45 Scout Tower
16:24 Guard Tower
16:25 Guard Tower
16:33 Scout Tower
16:33 Scout Tower
16:35 Scout Tower
16:36 Scout Tower
16:38 Scout Tower
16:41 Scout Tower
16:45 Guard Tower
17:17 Guard Tower
18:29 Guard Tower
18:43 Arcane Vault
18:49 Arcane Vault
20:29 Gryphon Aviary
20:29 Gryphon Aviary
20:30 Gryphon Aviary
20:30 Gryphon Aviary
20:31 Gryphon Aviary
20:37 Gryphon Aviary
20:42 Blacksmith
20:43 Blacksmith
23:03 Farm
23:05 Farm
23:08 Farm
24:36 Farm
27:57 Town Hall
34:21 Town Hall
40:52 Town Hall
42:04 Town Hall
43:12 Lumber Mill
43:20 Lumber Mill
» items
| Scroll of Regeneration | 4 | |
| Potion of Mana | 7 | |
| Lesser Clarity Potion | 7 | |
| Boots of Speed | 1 | |
| Potion of Invisibility | 1 | |
| Staff of Teleportation | 1 | |
| Potion of Healing | 3 | |
| Scroll of Town Portal | 6 | |
30 total
Chat log
(00:18 / All) CRAZYCHAOS6384: 3 lvl 1s no one leaves?
(00:21 / All) EXPOTHIEF: I GUESS IT STRUCK AN ERVE
(00:22 / All) EXPOTHIEF: ONE TWO
(00:30 / All) NINTENDO-FANBOY: BUCKLEMY SHOE
(00:43 / All) HighlightVideos: MY NAME IS SUE. HOW DO YOU DO?
(00:45 / All) NINTENDO-FANBOY: 34 BETTER LOCK UR DOORS
(01:22 / All) HighlightVideos: I HEARD THAT YOU ARE A HACKER PINK IS THIS TRUE?
(01:36 / Allies) NINTENDO-FANBOY: mine
(01:37 / Allies) OffSprlNg: lol
(02:17 / All) EXPOTHIEF: everyone choppy?
(04:00 / Allies) HighlightVideos: gtfo or I backstab
(04:02 / Allies) HighlightVideos: that is my green camp
(04:04 / Allies) HighlightVideos: fucking faggot
(04:11 / Allies) OffSprlNg: lol cry more?
(04:20 / Allies) HighlightVideos: not crying, warning
(04:31 / Allies) HighlightVideos: don't talk back to me maphacking trash.
(04:32 / Allies) MauRon_2: no problem, its yours
(04:40 / Allies) HighlightVideos: kk ty
(06:39 / Allies) OffSprlNg: nj teal
(06:40 / Allies) OffSprlNg: lol
(06:43 / Allies) MauRon_2: lol
(06:43 / Allies) HighlightVideos: ?
(06:47 / Allies) HighlightVideos: 2 items for 1 tp
(06:52 / Allies) HighlightVideos: more than paid for itself
(08:20 / Allies) OffSprlNg: who has aa
(08:23 / Allies) HighlightVideos: I do
(08:25 / Allies) MauRon_2: ill make tanks
(08:26 / Allies) HighlightVideos: i got air you guys get ground
(08:29 / Allies) HighlightVideos: tanks suck make something else
(08:35 / Allies) MauRon_2: okay
(08:38 / Allies) MauRon_2: ill make knights
(08:41 / Allies) HighlightVideos: k good
(08:43 / Allies) MauRon_2: and mortars
(08:59 / Allies) OffSprlNg: aa come
(10:51 / All) CRAZYCHAOS6384: orange is dead help me out plz
(12:46 / All) HighlightVideos: cancel it faggot
(13:07 / All) CRAZYCHAOS6384: thanks foir not cancel bug xp
(13:20 / All) CRAZYCHAOS6384: big xp
(13:31 / All) CRAZYCHAOS6384: i win
(14:01 / All) HighlightVideos: sick tp to your base for no reason pink
(14:05 / All) HighlightVideos: nice maphack
(14:47 / All) CRAZYCHAOS6384: 2vs4 no chance leave
(15:30 / Allies) OffSprlNg: teal get some units dude
(15:42 / Allies) HighlightVideos: Why? I want you to lose anyway
(15:47 / Allies) HighlightVideos: You're a maphacking piece of shit
(15:53 / Allies) OffSprlNg: lol how u figure i hack
(16:02 / Allies) HighlightVideos: sick tp to your base without knowing he's coming bro
(16:12 / Allies) HighlightVideos: I've played you before
(16:14 / Allies) OffSprlNg: when
(16:19 / Allies) OffSprlNg: lol u got raped b4 u mean
(16:20 / Allies) HighlightVideos: this game
(16:22 / Allies) OffSprlNg: just like everyone else
(16:26 / Allies) HighlightVideos: no, I backstabbed you successfully
(16:31 / Allies) OffSprlNg: doubt it
(16:50 / Allies) HighlightVideos: http://highper.ch/one%20direction
(16:59 / Allies) HighlightVideos: you got fucking raped
(17:10 / Allies) OffSprlNg: doubt it bitch
(18:01 / All) HighlightVideos: are you going to save your castle, buddy?
(18:02 / All) HighlightVideos: or no?
(18:58 / All) HighlightVideos: not even repairing to delay it
(19:15 / Allies) OffSprlNg: lol reds a dumb fuck
(19:34 / Allies) HighlightVideos: yes he is
(19:36 / Allies) MauRon_2: teal may i have some resources?
(19:42 / Allies) HighlightVideos: no
(19:47 / Allies) HighlightVideos: make a loan at the bank
(20:40 / Allies) OffSprlNg: lets go purp
(20:41 / Allies) MauRon_2: ok
(20:53 / All) CRAZYCHAOS6384: OURT TEAM MATE KILLING US
(20:55 / All) CRAZYCHAOS6384: YELLOW
(20:56 / All) CRAZYCHAOS6384: GG
(21:01 / All) HighlightVideos: It's not over yet.
(21:01 / All) OffSprlNg: gg
(21:02 / All) EXPOTHIEF: how am I killing you?
(21:11 / All) CRAZYCHAOS6384: FUCK U
(21:15 / All) CRAZYCHAOS6384: TAKING ALL THE GOLD
(21:19 / All) CRAZYCHAOS6384: NOT DOING NAYTHING
(21:20 / All) EXPOTHIEF: uh
(21:24 / All) EXPOTHIEF: taking all the gold?
(21:28 / All) EXPOTHIEF: you both have expansions
(21:29 / All) HighlightVideos: Just going to let another base die, red?
(21:37 / All) CRAZYCHAOS6384: FUCK U ASS HOLR
(21:51 / All) EXPOTHIEF: you're just looking to pass blame
(21:53 / All) CRAZYCHAOS6384: LOSSING BC OF YELLOW WHAT A DICK
(21:59 / All) EXPOTHIEF: you're losing 2v2 battle retard
(22:12 / All) HighlightVideos: i thought it was 2v4
(22:16 / All) HighlightVideos: and we had no chance of winning
(22:18 / All) EXPOTHIEF: blue has 1.5k 1k lumber
(22:20 / All) EXPOTHIEF: taking all the gold!
(22:21 / All) HighlightVideos: Say that again, green?
(22:41 / All) CRAZYCHAOS6384: YELLOW HAD 10K GOLD WHAT A DICK
(23:38 / All) CRAZYCHAOS6384: YELLOW HAS 10K GOLD NO ARMY WHAT A fuckign dick
(24:52 / All) MauRon_2: can u please leave green?
(24:58 / All) MauRon_2: and yellow
(25:07 / All) CRAZYCHAOS6384: no I'M BAD AT YELLOW FOR KILL ME
(25:23 / All) HighlightVideos: Raped again, pink
(25:26 / All) HighlightVideos: No need to be in such denial
(25:59 / All) MauRon_2: im just kindly asking
(26:11 / All) EXPOTHIEF: You';re fucking dead pink
(26:15 / All) EXPOTHIEF: You got lucky with my hero last time
(26:51 / All) HighlightVideos: hahaha
(27:46 / All) HighlightVideos: Pink said that he doubted I could rape him
(27:49 / All) HighlightVideos: and that he hasn't been before
(27:53 / All) HighlightVideos: Now he's being molested by me.
(30:10 / All) HighlightVideos: GOT IT
(30:39 / All) HighlightVideos: gj idiot, tping to towers
(30:47 / Allies) OffSprlNg: lol noob
(30:48 / Allies) OffSprlNg: stfu
(30:56 / All) HighlightVideos: Want to retract that statement that you couldn't be raped?
(30:59 / All) HighlightVideos: and you doubted it has happened?
(30:59 / Allies) OffSprlNg: no
(31:01 / Allies) OffSprlNg: u still suck
(31:02 / All) EXPOTHIEF: can you leave purple?
(31:03 / All) EXPOTHIEF: you lost
(31:06 / Allies) OffSprlNg: i still doubt it
(31:14 / All) CRAZYCHAOS6384: LEAVE PURPLE LOL
(31:19 / All) HighlightVideos: If I suck, how did I rape you this game and how did my friend rape you multiple times before?
(31:19 / Allies) OffSprlNg: u blow teal
(31:20 / All) HighlightVideos: http://highper.ch/?id=one%20direction
(31:21 / All) HighlightVideos: http://highper.ch/?id=one%20direction
(31:22 / All) HighlightVideos: http://highper.ch/?id=one%20direction
(31:27 / All) HighlightVideos: We are uploading this replay there too
(31:28 / Allies) OffSprlNg: lol
(31:31 / All) HighlightVideos: so everyone can laugh at you again
(31:33 / All) CRAZYCHAOS6384: YELLOW DIDN;T DO ANYTHING
(31:36 / Allies) OffSprlNg: i didn't even try to stop u
(31:38 / All) CRAZYCHAOS6384: HOW U RAPE HIM?
(31:39 / All) HighlightVideos: a maphacker who can't even win 90% of his games
(31:49 / Allies) OffSprlNg: lol lemme know how i hack
(31:51 / All) HighlightVideos: Now he's going on that "I didn't even try" stuff again
(31:52 / Allies) OffSprlNg: n y my acnt not banned
(31:52 / Allies) OffSprlNg: thx
(31:56 / All) CRAZYCHAOS6384: SOUNDS LIKE A SORE LOSER TO ME
(32:00 / All) HighlightVideos: They always say that, pink
(32:02 / All) HighlightVideos: You always try
(32:07 / All) HighlightVideos: then fallback on taht shit when you fail
(33:13 / Allies) OffSprlNg: i didn't try n kill one of ur units so
(33:16 / Allies) OffSprlNg: how is that tryin?
(33:22 / Allies) OffSprlNg: lol
(33:25 / Allies) OffSprlNg: stilly kid
(33:48 / All) CRAZYCHAOS6384: WHY U KILL ME?
(33:51 / Allies) MauRon_2: at least teal is nice and didn't discriminate against me
(33:52 / All) HighlightVideos: He is still falling back on the "I didn't even try" excuse
(33:55 / All) EXPOTHIEF: This is my expansion
(33:58 / Allies) HighlightVideos: You didn't maphack
(34:17 / Allies) OffSprlNg: thats the funniest shit htough
(34:21 / Allies) OffSprlNg: "U HACK"
(34:27 / Allies) HighlightVideos: http://highper.ch/?id=one%20direction
(34:29 / Allies) OffSprlNg: if i have a hcak that makes u suck then use i hack
(34:51 / All) HighlightVideos: Why did you TP for no reason before you were flamestruck, buddy?
(35:03 / Allies) OffSprlNg: when
(35:12 / All) HighlightVideos: This game, you god damned blind retard.
(35:23 / Allies) OffSprlNg: u funny
(35:32 / Allies) OffSprlNg: dont b mad cuz ur daddy touches u
(35:47 / Allies) OffSprlNg: purp send me ur gold plz
(36:19 / Allies) HighlightVideos: if he did I wouldn't let you use it
(36:26 / Allies) OffSprlNg: cool
(36:46 / Allies) MauRon_2: i have 19 gold
(36:46 / All) CRAZYCHAOS6384: WHY U KILL ME/
(36:47 / Allies) MauRon_2: if u want it
(36:49 / Allies) MauRon_2: i can send it to u
(36:50 / Allies) OffSprlNg: lol
(36:51 / Allies) OffSprlNg: naw
(36:56 / Allies) MauRon_2: and 460 lumber
(37:21 / All) EXPOTHIEF: purple is a mauron
(38:43 / All) EXPOTHIEF: what's the point of the hotkey for dragon devour
(38:52 / All) EXPOTHIEF: you ahve to click the portrait for it to actually work
(39:05 / All) HighlightVideos: You didn't even get one unit, green.
(39:14 / All) CRAZYCHAOS6384: I FUCKING CAN;T
(39:18 / All) CRAZYCHAOS6384: YELLOW KILL ME
(39:20 / All) HighlightVideos: ALRIGHT HERE'S THE PLAN
(39:24 / All) HighlightVideos: EVERYONE HAS AN EQUAL CHANCE OF WINNING
(39:27 / All) HighlightVideos: WE WILL KILL EVERYTHING
(39:30 / All) HighlightVideos: INCLUDING OUR OWN STUFF
(39:34 / All) HighlightVideos: ONLY 2 BUILDINGS WILL REMAIN
(39:36 / All) HighlightVideos: BEST INTERNET WINS
(39:38 / All) HighlightVideos: SOUND FAIR?
(39:43 / All) CRAZYCHAOS6384: YELLOW CAN'T NEVER GO DOWN
(39:46 / All) HighlightVideos: WILL ALL OF YOU BE WILLING TO LEAVE YOUR COMPUTERS ON ALL NIGHT FOR THE WIN?
(39:56 / All) MauRon_2: i'm willing
(40:18 / All) CRAZYCHAOS6384: YELLOW HAS VCONTROL WITH 20K GOLD
(40:23 / All) CRAZYCHAOS6384: YOU WILL NEVER WIN
(40:37 / All) MauRon_2: teal has 20kgold
(40:40 / All) MauRon_2: with magical abilities
(41:26 / All) EXPOTHIEF: a valiant effort
(41:32 / All) HighlightVideos: Not 1 unit died
(42:32 / All) HighlightVideos: We need to kill your BMs if you want the standoff.
(43:48 / All) EXPOTHIEF: lol
(44:21 / All) CRAZYCHAOS6384: NO CHANCE
(44:24 / All) HighlightVideos: again not 1 unit died
(44:36 / All) CRAZYCHAOS6384: IT;S BECUASE OF YELLOW CONTOLLING THEM BACK
(44:44 / All) EXPOTHIEF: nope
(44:48 / All) EXPOTHIEF: I haven't controlled them a single time
(44:51 / All) HighlightVideos: Just shackle and superior micro.
(44:59 / All) MauRon_2: theres a thunderstorm here. i'm worried my connection won't hold the night/
(45:11 / All) HighlightVideos: It is worth a shot. You have nothing to lose.
(45:36 / All) MauRon_2: did u guys plan this btw?
(45:38 / All) HighlightVideos: Yes.
(46:10 / All) CRAZYCHAOS6384: MAP HACK?
(46:16 / All) HighlightVideos: how was that maphack? lol
(46:25 / All) HighlightVideos: I was going to the merc hut and saw all your shit
(46:29 / All) CRAZYCHAOS6384: HE SEES MY BATS BEFORE THEM COME
(46:29 / All) HighlightVideos: it's right next to my base
(46:39 / All) HighlightVideos: no, they were just in my vision
(46:41 / All) HighlightVideos: so I shackled them
(46:49 / All) CRAZYCHAOS6384: yellow with 30k gold ha
(46:55 / All) HighlightVideos: using shackle doesn't mean you have maphack lol
(47:03 / All) HighlightVideos: I have nothing else to be paying attention to right now except my army
(47:17 / All) CRAZYCHAOS6384: i'm just waiting for yellow to leave so i can win this
(47:25 / All) EXPOTHIEF: what he has now is all he has left
(48:36 / All) CRAZYCHAOS6384: lol
(49:04 / All) CRAZYCHAOS6384: he;s almost 40k right nowe
(49:11 / All) CRAZYCHAOS6384: please leave yellow so i can win this
(49:29 / All) CRAZYCHAOS6384: expothe please stop let;s wi nthis
(49:49 / All) EXPOTHIEF: lol
(49:52 / All) EXPOTHIEF: he had to buy 3 salves
(49:52 / All) CRAZYCHAOS6384: stop man
(49:54 / All) EXPOTHIEF: I killed the first two
(49:59 / All) EXPOTHIEF: dropped them on ground as soon as he bought them
(50:14 / All) CRAZYCHAOS6384: this guy is a dick
(50:21 / All) HighlightVideos: GOT IT
(50:22 / All) CRAZYCHAOS6384: SO REPORT HIM
(50:24 / All) HighlightVideos: Now we can do the standoff
(50:29 / All) HighlightVideos: Everyone has an equal chance of winning
(50:31 / All) HighlightVideos: Remember the rules?
(50:39 / All) CRAZYCHAOS6384: HOPEFULLY HE LOSES ACCOUNT
(50:50 / All) HighlightVideos: It's 0-0 he wouldn't care.
(51:00 / All) MauRon_2: I think teal is pretty funny
(51:04 / All) HighlightVideos: If the maphacking piece of shit lags out then purple will be the only person on our side for standoff.
(51:06 / All) CRAZYCHAOS6384: no really you can lose account for this
(51:22 / All) CRAZYCHAOS6384: seen it happen before
(51:28 / All) HighlightVideos: You can't anymore
(51:30 / All) CRAZYCHAOS6384: i used to do what yellow is doing
(51:35 / All) HighlightVideos: Blizzard doesn't care about WC3
(51:38 / All) HighlightVideos: they haven't for years
(51:41 / All) MauRon_2: even if he does -> world will not end
(51:48 / All) HighlightVideos: ^
(51:53 / All) CRAZYCHAOS6384: blizzard always cares
(51:56 / All) CRAZYCHAOS6384: you just get muted or lose account
(52:14 / All) CRAZYCHAOS6384: tie game soon
(52:16 / All) EXPOTHIEF: I could have bought 5th dragon if I didn't kill food supply
(52:37 / All) CRAZYCHAOS6384: 130 half before game ends. and expo losses account
(52:38 / All) EXPOTHIEF: let's battle our armies
(52:43 / All) CRAZYCHAOS6384: BLIZZARD KNOWS
(52:48 / All) CRAZYCHAOS6384: HE WILL GET MUTED
(52:49 / All) HighlightVideos: alright
(52:53 / All) HighlightVideos: you will win due to dragons though
(52:56 / All) HighlightVideos: fastest way to get rid of our food
(52:57 / All) EXPOTHIEF: Green how old are you?
(53:10 / All) CRAZYCHAOS6384: 45 SEC BEFOE IT ENDS
(53:36 / All) CRAZYCHAOS6384: 25 SECS BEFORE EXPO GETS MUTED
(53:55 / All) CRAZYCHAOS6384: OR MAYBE JUST A WARNING
(53:58 / All) MauRon_2: wait....
(54:01 / All) MauRon_2: what just happened
(54:02 / All) HighlightVideos: got your bm at least lol
(54:04 / All) EXPOTHIEF: dragons!!!!1
(54:09 / All) EXPOTHIEF: yeah it was paused for a moment
(54:11 / Allies) OffSprlNg: teal got raped again lol
(54:15 / All) EXPOTHIEF: I don't think I could have escaped anyway
(54:17 / All) HighlightVideos: so everyone has an equal chance of victory
(54:17 / All) MauRon_2: ohhh okay
(54:23 / Allies) HighlightVideos: We are friends, that was on purpose
(54:29 / All) HighlightVideos: "again"? I didn't all game
(54:34 / All) HighlightVideos: That was voluntary pink
(54:41 / All) HighlightVideos: My side is complete, I have 0 food
(54:52 / All) HighlightVideos: Is your side done Turncoat?
(54:54 / All) EXPOTHIEF: Dragons are awesome
(55:00 / All) EXPOTHIEF: except for the dragons
(55:08 / Allies) HighlightVideos: I left you guys two critters.
(55:17 / Allies) HighlightVideos: forget where the other is
(55:26 / All) HighlightVideos: What made you think from the beginning that we were stabbers, purple?
(55:40 / All) MauRon_2: not stabbers, friends
(55:42 / All) EXPOTHIEF: My beautiful dragons ahve to die
(55:50 / All) MauRon_2: because what are the odds that yellow was doing the same thing you were doing
(55:53 / All) MauRon_2: in the same game
(55:58 / All) HighlightVideos: invisiBM harass?
(55:59 / All) MauRon_2: him having so much gold, and you too
(56:03 / All) HighlightVideos: and hoarding?
(56:07 / All) EXPOTHIEF: I making that shit popular
(56:15 / All) MauRon_2: maybe it is getting more common
(56:19 / All) MauRon_2: i just had a hunch
(56:27 / All) HighlightVideos: He popularised invisiharass in 4v4
(56:28 / All) MauRon_2: if it was random, then it makes for a pretty funny game
(56:41 / All) EXPOTHIEF: and I brought it back
(56:42 / All) HighlightVideos: He is formerly top ranked solo and could defeat the best ladder playes in the world.
(56:43 / All) EXPOTHIEF: Yeah son
(56:50 / All) MauRon_2: invisiharass?
(56:57 / All) HighlightVideos: Yes, invisible harassment with heroes
(56:59 / All) HighlightVideos: GL